 Dungeon Crawl Stone Soup version 0.22-a0-570-g58866f5 (webtiles) character file.

71 kae the Sneak (level 4, 0/21 HPs)
             Began as a Spriggan Enchanter on June 30, 2018.
             Succumbed to a goblin's poison
             ... on level 2 of the Dungeon.
             The game lasted 00:01:49 (1546 turns).

kae the Sneak (Spriggan Enchanter)                  Turns: 1546, Time: 00:01:51

Health: 0/21       AC:  2    Str:  4    XL:     4   Next: 5%
Magic:  4/9        EV: 18    Int: 17    God:
Gold:   76         SH:  0    Dex: 16    Spells: 3/9 levels left

rFire    . . .     SeeInvis +   g - +0 short sword (vamp)
rCold    . . .     Gourm    .   (shield restricted)
rNeg     . . .     Faith    .   b - +0 robe
rPois    .         Spirit   .   (helmet restricted)
rElec    .         Reflect  .   (no cloak)
rCorr    .         Harm     .   (gloves unavailable)
MR       .....                  (boots unavailable)
Stlth    +++.......             (no amulet)
HPRegen  0.07/turn              (no ring)
MPRegen  0.11/turn              (no ring)

@: lethally poisoned (0 -> -16), berserk cooldown, slowed, quick
A: very small, unfitting armour, see invisible, herbivore, speed 3, slow
metabolism 2
a: no special abilities


You were on level 2 of the Dungeon.
You were near starving.

You visited 1 branch of the dungeon, and saw 3 of its levels.

You collected 76 gold pieces.

Inventory:

Hand Weapons
 a - a +1 dagger
 g - a +0 vampiric short sword (weapon)
Armour
 b - a +0 robe (worn)
Scrolls
 c - 2 scrolls of fog {unknown}
 e - a scroll of enchant weapon {unknown}
 f - a scroll of identify
 i - 2 scrolls of magic mapping
 j - a scroll of enchant armour {unknown}
 k - a scroll of amnesia {unknown}
Comestibles
 d - 5 rations


   Skills:
 * Level 2.5 Short Blades
 - Level 3.0 Dodging
 * Level 5.7 Stealth
 + Level 3.1 Spellcasting
 + Level 4.2 Hexes


You had 3 spell levels left.
You knew the following spells:

 Your Spells              Type           Power        Failure   Level  Hunger
a - Corona                Hex            ###....      3%          1    None
b - Ensorcelled Hibernat  Hex/Ice        #.....       11%         2    ##.....
c - Confuse               Hex            ###.....     9%          3    ###....

Your spell library contained the following spells:

 Spells                   Type           Power        Failure   Level  Hunger
 Tukima's Dance           Hex            ###.....     9%          3    ###....
 Dazzling Spray           Conj/Hex       #.....       22%         3    ###....


Dungeon Overview and Level Annotations

Branches:
Dungeon (3/15)

Altars:
Sif Muna


Innate Abilities, Weirdness & Mutations

You are very small and have problems with some larger weapons.
You are too small for most types of armour.
You have supernaturally acute eyesight. (SInv)
You are a herbivore.
You cover ground extremely quickly.
You need to consume almost no food.


Message History

* * * LOW HITPOINT WARNING * * *
You feel sick.
You climb upwards.
* * * LOW HITPOINT WARNING * * *
You feel sick.
There is a stone staircase leading down here.
A red film seems to cover your vision as you go berserk!
You feel yourself moving faster!
You feel mighty!
* * * LOW HITPOINT WARNING * * *
You feel sick.
There is a lethal amount of poison in your body!
There is a lethal amount of poison in your body!
There is a lethal amount of poison in your body!
You feel a strong urge to attack something.
* * * LOW HITPOINT WARNING * * *
You feel sick.
You feel your anger nearly subside.
You are no longer berserk.
You are exhausted.
You feel yourself slow down.
You die...

#.....#####.# #.#.##.##
#.........#.# #.#.##...
#########.....###.#.# #.#.#####
#........#..........# #.#.#
#.#######.#.###...#.###.#.# ###.#
#...........#....#.#####
....######..#.##....#.###.......)
.................#..#.###...#####
.#######.##.#..#@#..#............
.# #.##.#....#....#####.####. .#
#.##...#######.#####.# #. .##
#.##.#>...#..........# #. ..#
#.##.................# #. #.#
#.####.#####.....##### #. #.#
#.###..# #.###.# #.
..######......# #.# #.# #.
#........###..# #.# #รท# #.


There were no monsters in sight!

Vanquished Creatures
  Jessica (D:2)
  An adder (D:2)
  An ooze (D:1)
  A giant cockroach (D:1)
  6 goblins
  2 hobgoblins
  2 jackals (D:1)
  3 kobolds
  A quokka (D:2)
  2 ball pythons (D:1)
  3 bats
  4 frilled lizards
  8 rats
35 creatures vanquished.

Notes
Turn   | Place    | Note
-------+----------+-------------------------------------------
     0 | D:1      | kae the Spriggan Enchanter began the quest for the Orb.
     0 | D:1      | Reached XP level 1. HP: 9/9 MP: 5/5
   341 | D:1      | Reached XP level 2. HP: 12/13 MP: 4/6
   345 | D:1      | Learned a level 2 spell: Ensorcelled Hibernation
   800 | D:1      | Reached skill level 5 in Stealth
   971 | D:2      | Reached XP level 3. HP: 16/16 MP: 5/8
  1186 | D:2      | Noticed Jessica
  1195 | D:2      | Killed Jessica
  1224 | D:2      | Found a deep blue altar of Sif Muna.
  1258 | D:2      | Reached XP level 4. HP: 21/21 MP: 9/9
  1307 | D:2      | Learned a level 3 spell: Confuse
  1545 | D:2      | HP: 1/31 [poisoned by a goblin]
  1546 | D:2      | Succumbed to a goblin's poison

Vault maps used:
D:1:      elethiomel_arrival_maze
D:2:      lemuel_doored_altar, uniq_jessica
D:3:      lemuel_crystal_altar, nemelex_xobeh_ov_fountains_minmay,
          nicolae_overflow_crystal_walls, okawaru_ov_weapons_minmay

Skill      XL: |  1  2 |
---------------+-------+-----
Short Blades   | 2 |  2.5
Stealth        | 5 |  5.7
Spellcasting   | 3 |  3.1
Hexes          | 4 |  4.2
Dodging        | |  3.0

Action                   |  1- 3 |  4- 6 || total
-------------------------+-------+-------++-------
Melee: Dagger            |    32 |       ||    32
       Short sword       |    68 |    19 ||    87
 Cast: Corona            |     9 |       ||     9
       Ensorcelled Hiber |     4 |     3 ||     7
  Use: Scroll            |     3 |       ||     3
       Potion            |       |     1 ||     1
 Stab: Sleeping          |    13 |     1 ||    14
  Eat: Ration            |     1 |       ||     1
Armor: Robe              |    15 |     2 ||    17
Dodge: Dodged            |    70 |     9 ||    79

Table legend:
 A = Spawn XP
 B = Non-spawn XP
 C = Spawn XP percentage of total XP
 D = Spawn monster count
 E = Non-spawn monster count
 F = Spawn count percentage of total count
 G = Total turns spent on level
                    A         B        C        D         E        F      G
               +---------+---------+-------+---------+---------+-------+---------
         Total |       0 |     102 |   0.0 |       0 |      35 |   0.0 |  1546
               +---------+---------+-------+---------+---------+-------+---------
           D:1 |       0 |      32 |   0.0 |       0 |      20 |   0.0 |   900
           D:2 |       0 |      68 |   0.0 |       0 |      14 |   0.0 |   628
           D:3 |       0 |       2 |   0.0 |       0 |       1 |   0.0 |    18
               +---------+---------+-------+---------+---------+-------+---------
